 Dungeon Crawl Stone Soup version 0.26.0-10-g1f06aea511 (webtiles) character file.

Game seed: 10966454916162144980

18 inmateoo the Chiller (level 2, 0/19 HPs)
             Began as a Formicid Ice Elementalist on Feb 6, 2021.
             Slain by a gnoll
             ... wielding a +0 club
              (4 damage)
             ... on level 2 of the Dungeon.
             The game lasted 00:01:24 (789 turns).

inmateoo the Chiller (Formicid Ice Elementalist)     Turns: 789, Time: 00:01:24

Health: 0/19       AC:  2    Str: 12    XL:     2   Next: 85%
Magic:  1/5        EV: 12    Int: 14    God:
Gold:   24         SH:  0    Dex: 11    Spells: 5/6 levels left

rFire    . . .     SeeInvis +   (no weapon)
rCold    . . .     Faith    .   (no shield)
rNeg     . . .     Spirit   .   a - +0 robe
rPois    .         Reflect  .   (helmet unavailable)
rElec    .         Harm     .   (no cloak)
rCorr    .         Rampage  .   (no gloves)
Will     .....                  (no boots)
Stlth    ++........             (no amulet)
HPRegen  0.06/turn              (no ring)
MPRegen  0.09/turn              (no ring)

@: very slightly contaminated
A: permanent stasis, dig shafts and tunnels, four strong arms, antennae 3
a: Dig, Shaft Self


You were on level 2 of the Dungeon.
You visited 1 branch of the dungeon, and saw 2 of its levels.

You collected 24 gold pieces.

Inventory:

Missiles
 j - 36 poisoned darts
Armour
 a - a +0 robe (worn)
Scrolls
 b - a scroll of identify {unknown}
Potions
 c - a potion of ambrosia {unknown}
 d - a potion of heal wounds {unknown}
 i - a potion of curing {unknown}


   Skills:
 + Level 1.7 Dodging
 + Level 2.4 Stealth
 + Level 2.6 Spellcasting
 + Level 4.4 Ice Magic


You had 5 spell levels left.
You knew the following spells:

 Your Spells              Type           Power        Failure   Level
a - Freeze                Ice            56%          3%          1

Your spell library contained the following spells:

 Spells                   Type           Power        Failure   Level
 Frozen Ramparts          Ice            28%          11%         3
 Ozocubu's Armour         Ice            14%          11%         3
 Hailstorm                Conj/Ice       8%           65%         4
 Summon Ice Beast         Ice/Summ       8%           65%         4


Dungeon Overview and Level Annotations

Branches:
Dungeon (2/15)

Altars:


Innate Abilities, Weirdness & Mutations

You cannot be hasted, slowed, berserked, paralysed or teleported.
You can dig through walls and to a lower floor.
Your four strong arms can wield two-handed weapons with a shield.
You have a pair of large antennae on your head. (SInv)


Message History

The gnoll is severely wounded.
The gnoll hits you with a +0 club.
Casting: Freeze (safe; 3% risk of failure)
Confirm with . or Enter, or press ? or * to list all spells.
Aiming: Freeze (safe; 3% risk of failure)
Press: ? - help, Shift-Dir - straight line, f/p - gnoll
Aim: a gnoll, wielding a +0 club (severely wounded)
You miscast Freeze.
You are very lightly contaminated with residual magic.
Nothing appears to happen.
The gnoll hits you with a +0 club!
Ouch! That really hurt!
* * * LOW HITPOINT WARNING * * *
Casting: Freeze (safe; 3% risk of failure)
Confirm with . or Enter, or press ? or * to list all spells.
Aiming: Freeze (safe; 3% risk of failure)
Press: ? - help, Shift-Dir - straight line, f/p - gnoll
Aim: a gnoll, wielding a +0 club (severely wounded)
You miscast Freeze.
Nothing appears to happen.
The gnoll hits you with a +0 club.
You die...

...# ... #.. ###
####..######..
.....g...##.#
#.gg##.##.#
#g##.##.#
#g##.##.#
#######@#.#.#.#
.........###..###
###.....## ##...#
#.###..###..#.# #.
#...#.#.#.#
###.###....##.#.#
.............#.##
###.#.....†.#....#
..............#..#


You could see 4 gnolls and a goblin.

Vanquished Creatures
  2 bats
  2 giant cockroaches (D:1)
  A goblin (D:1)
  3 hobgoblins (D:1)
  2 jackals
  3 frilled lizards (D:1)
  3 rats (D:1)
16 creatures vanquished.

Notes
Turn   | Place    | Note
-------+----------+-------------------------------------------
     0 | D:1      | inmateoo the Formicid Ice Elementalist began the quest for
                  | the Orb.
     0 | D:1      | Reached XP level 1. HP: 13/13 MP: 3/3
   220 | D:1      | Reached XP level 2. HP: 15/19 MP: 0/5
   789 | D:2      | Slain by a gnoll

Illustrated notes

Levels and vault maps discovered:
D:1:      lemuel_arrival_lava_pool, layout_basic, minmay_splitting_lines,
          ebering_dispersal_statue_hall
D:2:      layout_loops_ring, grunt_temple_overflow_order_and_chaos_1,
          nicolae_overflow_crystal_walls, kennysheep_slug_shrine,
          guppyfry_early_orc_mine

Action                   || total
-------------------------++-------
Melee: Unarmed           ||    20
 Cast: Freeze            ||    24
  Use: Scroll            ||     4
Armor: Robe              ||     6
Dodge: Dodged            ||    26
